 Dungeon Crawl Stone Soup version 0.30-a0-168-g0b976cbdc4 (webtiles) character file.

Game seed: 15047604161501761505

31917 Sobieck the Severer (level 13, -6/114 HPs)
             Began as a Palentonga Fighter on Sept 29, 2022.
             Was the Champion of Uskayaw.
             Mangled by a yak (12 damage)
             ... while paralysed by Rupert
             ... on level 5 of the Lair of Beasts.
             The game lasted 00:32:31 (17703 turns).

Sobieck the Severer (Palentonga Fighter)           Turns: 17703, Time: 00:32:32

Health: -6/114     AC: 26    Str: 26    XL:     13   Next: 28%
Magic:  20/21      EV:  1    Int: 14    God:    Uskayaw [******]
Gold:   559        SH:  0    Dex: 10    Spells: 12/12 levels left

rFire   . . .      SeeInvis +    a - +0 war axe (venom) {axe}
rCold   . . .      Faith    +    c - +0 buckler
rNeg    . . .      Spirit   .    q - +3 scale mail of Cegenin {Int+5}
rPois   .          Reflect  .    Q - +2 hat
rElec   .          Harm     .    m - +0 cloak
rCorr   .          Rampage  .    k - +0 pair of gloves
Will    .....                    (no barding)
Stlth   ..........               A - amulet of faith {!P}
HPRegen 0.29/turn                V - +4 ring of evasion
MPRegen 0.17/turn                s - +4 ring of protection

@: paralysed, studying Axes, curled up
A: large, rugged brown scales 3, see invisible, deformed body, roll 1, armoured
tail, reflexive curl
a: Rolling Charge, Renounce Religion, Stomp, Line Pass, Grand Finale


You were on level 5 of the Lair of Beasts.
You worshipped Uskayaw.
Uskayaw was aware of your devotion.
You visited 3 branches of the dungeon, and saw 17 of its levels.

You collected 1402 gold pieces.
You spent 843 gold pieces at shops.


Innate Abilities, Weirdness & Mutations

You are completely covered in rugged brown scales. (AC +3, +7% HP)
You have supernaturally acute eyesight. (SInv)
Armour fits poorly on your strangely shaped body.
You can roll at nearby foes to attack.
You have a long armoured tail.
You curl defensively after being hit. (AC +7*)


   Skills:
 + Level 11.8 Fighting
 * Level 16.6 Axes
 + Level 6.2 Armour
 - Level 3.3 Shields
 * Level 10.6 Invocations


You had 12 spell levels left.
You didn't know any spells.
Your spell library contained the following spells:

 Spells                   Type           Power      Damage    Failure   Level
 Blink                    Tloc           0%         N/A       75%         2
 Momentum Strike          Conj/Tloc      0%         3d8       75%         2
 Sublimation of Blood     Necr           0%         N/A       75%         2
 Ignite Poison            Fire/Tmut/Pois 0%         N/A       92%         3
 Kindle Blastsparks       Fire/Tloc/Air  0%         2d10      92%         3
 Lesser Beckoning         Tloc           0%         N/A       92%         3
 Mephitic Cloud           Conj/Pois/Air  0%         N/A       92%         3
 Petrify                  Tmut/Erth      0%         N/A       100%        4
 Freezing Cloud           Conj/Ice/Air   0%         6-21      100%        5
 Irradiate                Conj/Tmut      0%         3d11      100%        5

Inventory:

Hand Weapons
 a - a +0 war axe of venom (weapon) {axe}
   (You found it on level 8 of the Dungeon)
 e - a +4 mace {mace}
   (You took it off a wight on level 7 of the Dungeon)
 f - a +3 mace {mace}
   (You took it off a wight on level 7 of the Dungeon)
 j - a +1 war axe {axe}
 v - a +0 battleaxe {axe}
   (You took it off an orc warrior on level 8 of the Dungeon)
 E - a +1 vampiric dagger {short}
   (You took it off a kobold brigand on level 6 of the Dungeon)
 G - a +0 executioner's axe {axerare=g}
   (You bought it in a shop on level 9 of the Dungeon)
Missiles
 n - 51 poisoned darts {throwing}
 B - 3 javelins {throwing}
 F - 12 atropa-tipped darts {throwing}
 M - 6 datura-tipped darts {throwing}
 N - 3 boomerangs {throwing}
 W - 2 curare-tipped darts {=fthrowing}
Armour
 c - a +0 buckler (worn)
 k - a +0 pair of gloves (worn)
   (You found it on level 1 of the Dungeon)
 m - a +0 cloak (worn)
   (You took it off Maurice on level 8 of the Dungeon)
 q - the +3 scale mail of Cegenin (worn) {Int+5}
   (You found it on level 2 of the Dungeon)

   Int:       It affects your intelligence (+5).
 P - a +0 kite shield
   (You found it on level 4 of the Dungeon)
 Q - a +2 hat (worn)
   (You took it off Gastronok on level 8 of the Dungeon)
Jewellery
 s - a +4 ring of protection (right hand)
   (You found it on level 8 of the Dungeon)
 x - a ring of positive energy
   (You found it on level 8 of the Dungeon)
 A - an amulet of faith (around neck) {!P}
   (You bought it in a shop on level 9 of the Dungeon)
 C - an amulet of reflection
   (You found it on level 3 of the Dungeon)
 V - a +4 ring of evasion (left hand)
   (You took it off a kobold brigand on level 10 of the Dungeon)
 X - a ring of positive energy
   (You found it on level 6 of the Dungeon)
Wands
 p - a wand of acid (22)
   (You took it off Maurice on level 8 of the Dungeon)
 w - a wand of paralysis (4)
   (You found it on level 3 of the Dungeon)
 H - a wand of roots (9)
   (You found it on level 7 of the Dungeon)
 S - a wand of flame (6)
   (You found it on level 3 of the Lair of Beasts)
 T - a wand of polymorph (7)
   (You found it on level 3 of the Lair of Beasts)
 Y - a wand of mindburst (8)
   (You found it on level 2 of the Lair of Beasts)
Scrolls
 h - 2 scrolls of enchant weapon
 l - 11 scrolls of teleportation {@r4}
 y - 3 scrolls of fear
 D - a scroll of magic mapping {!r}
 I - a scroll of fog
 J - 3 scrolls of identify {@r1}
 L - 2 scrolls of poison {!r}
 R - a scroll of vulnerability {!r!r}
Potions
 b - 3 potions of flight
 d - a potion of resistance
 g - 3 potions of attraction {!q}
 i - 2 potions of haste {@q3}
 o - a potion of heal wounds {@q2}
 r - a potion of degeneration {!q@e2}
 t - 4 potions of curing {@q1}
 u - 3 potions of lignification {!q}
 z - 3 potions of invisibility
 K - 3 potions of mutation {!q}
 U - a potion of magic
Miscellaneous
 O - a box of beasts
   (You found it on level 9 of the Dungeon)
 Z - a condenser vane
   (You found it on level 2 of the Lair of Beasts)

Dungeon Overview and Level Annotations

Branches:
Dungeon (11/15) Zot: 26946  Temple (1/1) D:7 Zot: 5989    Lair (5/5) D:8 Zot: 23717
  Swamp (0/4) Lair:2        Snake (0/4) Lair:3        Slime (0/5) Lair:4
    Orc: D:9-12

Altars:
Ashenzari
Fedhas
Gozag
Nemelex Xobeh
Okawaru
Qazlal
Ru
Sif Muna
Trog
Uskayaw
Vehumet
Wu Jian
Xom
Zin
The Shining One

Shops:
D:9 *=*

Annotations:
D:4 2 runed translucent doors, Splishie's ghost, weakling GnDe
D:5 Dowan
D:7 3 runed translucent doors, ravioli's ghost, novice DjFE
Lair:4 2 transporters

.............
##............
##.............
#..............
#..[...........
#..............
#..............
......YYY......
.P...FY@)...$..
.#....#Y....#..
..#F###...###
.F. ..### #P
..# # .#.# ....
.....


You could see 5 yaks and 3 blink frogs.


Message History

Uskayaw will force your foes to helplessly watch your dance.
Uskayaw prepares the audience for your solo!
Unknown command.
The helpless yak fails to defend itself.
You hit the yak but do no damage.
The yak looks as sick as possible!
The helpless water moccasin fails to defend itself.
You slash the water moccasin!
You kill the water moccasin!
The helpless yak fails to defend itself.
You slash the yak!
The yak looks as sick as possible!
The helpless yak fails to defend itself.
You slice the yak!!
The yak looks as sick as possible!
The helpless yak fails to defend itself.
You slice the yak!!
You kill the yak!
The helpless yak fails to defend itself.
You slash the yak!
The yak looks as sick as possible!
A nearby fungus withers and dies.
Uskayaw will force your foes to share their pain.
Uskayaw links your audience in an emotional bond!
Unknown command.
The helpless yak fails to defend itself.
You hit the yak.
You kill the yak!
The yak looks as sick as possible!
The helpless yak fails to defend itself.
You slice the yak!!
You kill the yak!
The helpless yak fails to defend itself.
You slice the yak!!
You kill the yak!
Rupert is no longer paralysed.
The yak is no longer paralysed. x5
Unknown command.
You slash Rupert!
You kill the yak!
Rupert looks as sick as possible!
Your tail-slap misses Rupert.
You hit the yak.
The yak is poisoned.
You barely miss the yak.
The yak is no longer paralysed. x2; You block the yak's attack.
The yak gores you but does no damage.
Rupert hits you with a +0 battleaxe of distortion.
Space warps around you!
You can now merge with and destroy a victim.
You slash Rupert! You slash the yak! You hit the yak but do no damage.
The yak is poisoned.
You hit the yak.
The yak looks even sicker.
A blink frog comes into view.
Rupert screams, "Red!
No, blue!"
Rupert hits you with a +0 battleaxe of distortion!
Space warps horribly around you!
* * * LOW HITPOINT WARNING * * *
The yak misses you.
The yak gores you but does no damage. x2
Unknown command.
The blink frog croaks.
You slash Rupert! You hit the yak.
The yak looks as sick as possible!
You hit the yak. You hit the yak but do no damage.
The yak looks as sick as possible!
The yak is no longer sharing its pain.
Unknown command.
You hit Rupert but do no damage.
Rupert looks as sick as possible!
You slash the yak! You hit the yak.
The yak looks as sick as possible!
You slash the yak!
Rupert is no longer sharing his pain.
The yak is no longer sharing its pain.
The yak gores you but does no damage. Rupert yells loudly at you.
You are confused.
A blink frog comes into view.
The blink frog gives a loud, deep croak!
You slash Rupert!
Rupert looks as sick as possible!
You tail-slap Rupert, but do no damage. You closely miss the yak.
You hit the yak.
The yak looks as sick as possible!
You barely miss the yak. You hit the yak.
The yak is no longer sharing its pain.
You kill the yak! x2
Rupert yells loudly at you.
You suddenly lose the ability to move!
The blink frog blinks!
The yak gores you but does no damage. The yak gores you!
* * * LOW HITPOINT WARNING * * *
The yak is no longer sharing its pain.
The blink frog blinks!
A blink frog comes into view.
The yak gores you but does no damage. Rupert barely misses you.
The yak gores you but does no damage. x3
The blink frog croaks.
The yak is no longer sharing its pain.
The blink frog blinks!
The yak gores you but does no damage. x3; Rupert hits you but does no damage.
Space warps around you.
* * * LOW HITPOINT WARNING * * *
The blink frog blinks!
A blink frog comes into view.
The blink frog gives a loud, deep croak!
Rupert hits you but does no damage. Space warps around you.
* * * LOW HITPOINT WARNING * * *
The yak gores you!
* * * LOW HITPOINT WARNING * * *
The yak gores you but does no damage. x4
The yak gores you but does no damage. The yak gores you.
* * * LOW HITPOINT WARNING * * *
The yak gores you but does no damage. x2; Rupert hits you but does no damage.
Space warps horribly around you!
* * * LOW HITPOINT WARNING * * *
The yak gores you but does no damage.
You feel less confused.
You kill Rupert!
The yak gores you!
You die...

Skill      XL: |  1  2  3  4  5  6  7  8  9 10 11 12 13 |
---------------+----------------------------------------+-----
Axes           | 3 5 6 7 9 12 13 14 15 16 | 16.6
Fighting       | 4 5 6 7 9 10 11 | 11.8
Invocations    | 3 7 10 | 10.6
Shields        | 3 |  3.3
Armour         | 3 4 5 6 |  6.2

Action                   |  1- 3 |  4- 6 |  7- 9 | 10-12 | 13-15 || total
-------------------------+-------+-------+-------+-------+-------++-------
Melee: War axe           |   105 |   141 |   237 |   496 |    69 ||  1048
       Tailslap          |     6 |    10 |    28 |    79 |    19 ||   142
Invok: Stomp             |       |       |     1 |     1 |       ||     2
 Abil: Rolling Charge    |    31 |    33 |    28 |    61 |     6 ||   159
  Use: Scroll            |       |    10 |     6 |     9 |     1 ||    26
       Potion            |       |       |     6 |     1 |     1 ||     8
 Stab: Paralysed         |       |       |    10 |    55 |    22 ||    87
Armor: Scale mail        |    54 |    47 |    94 |   163 |    84 ||   442
Dodge: Dodged            |    42 |    34 |    44 |   155 |    46 ||   321
Block: Buckler           |    15 |    44 |    82 |    90 |    13 ||   244
       Reflection        |       |       |     1 |     3 |       ||     4

Levels and vault maps discovered:
D:1:      dpeg_arrival_rooms_c, layout_loops_ring,
          hellmonk_ecumenical_altar_arch_garden, minmay_misc_feat_rugged,
          minmay_fountain_box
D:2:      layout_rooms, basic_altar
D:3:      layout_loops_ring, minitemple
D:4:      layout_loops_corners, ebering_ghost_disaster_area, kennysheep_potato
D:5:      layout_basic, grunt_tough_drop, uniq_duvessa
D:6:      kennysheep_steamy, layout_loops_ring, marbit_many_paths
D:7:      layout_loops_ring, temple_statues, ebering_ghost_rock_garden,
          kennysheep_generic_room_2
D:8:      layout_gridville, erik_lair_island, fountainhead, uniq_gastronok,
          uniq_maurice, uniq_maggie, uniq_pikel
D:9:      layout_cave_pools, serial_shops, shop_statue,
          nicolae_shop_behind_doors, hangedman_decor_diamond_cutter,
          minmay_shop_mass
D:10:     layout_rooms
D:11:     layout_cave_pools, gammafunk_ghost_icy, serial_shops,
          nicolae_shop_advertising_works [nicolae_subvault_shop_adworks],
          serial_demonic, serial_demonic_c, serial_demonic_d, serial_demonic_f,
          serial_demonic_b, uniq_snorg
Temple:   hellmonk_temple_of_storms
Lair:1:   layout_misc_corridors, portal_ice_cave_rime, grunt_megastairs_4
Lair:2:   layout_roguey, swamp_mist_pool
Lair:3:   layout_regular_city, guppyfry_snake_entry_island, lemuel_fruit_fields,
          serial_bayou_shore_a
Lair:4:   gammafunk_worm_tunnel, layout_regular_city, dpeg_slime_entry_enclosed,
          cheibrodos_lair_lostbears
Lair:5:   due_jungle_book, layout_cave_pods, uniq_rupert

Notes
Turn   | Place    | Note
-------+----------+-------------------------------------------
     0 | D:1      | Sobieck the Palentonga Fighter began the quest for the Orb.
     0 | D:1      | Reached XP level 1. HP: 19/19 MP: 1/1
   151 | D:1      | Found a faded altar of an unknown god.
   231 | D:1      | You add the spells Kindle Blastsparks, Ignite Poison,
                  | Mephitic Cloud and Freezing Cloud to your library.
   236 | D:1      | Reached XP level 2. HP: 25/25 MP: 2/2
   778 | D:1      | Reached skill level 3 in Axes
   965 | D:2      | Reached XP level 3. HP: 31/31 MP: 3/3
  1123 | D:2      | Identified the +3 scale mail of Cegenin {Int+5}
  1259 | D:2      | Found a shimmering altar of Xom.
  1614 | D:3      | Reached XP level 4. HP: 39/39 MP: 4/4
  1625 | D:3      | Reached skill level 4 in Axes
  1971 | D:3      | Reached skill level 4 in Fighting
  2149 | D:3      | Found an opulent altar of Gozag.
  2151 | D:3      | Found a blossoming altar of Fedhas.
  2165 | D:3      | Found a glowing golden altar of the Shining One.
  2166 | D:3      | Found a sparkling altar of Nemelex Xobeh.
  2167 | D:3      | Found a shimmering blue altar of Sif Muna.
  2167 | D:3      | Found a radiant altar of Vehumet.
  2167 | D:3      | Found a broken altar of Ashenzari.
  2169 | D:3      | Found a sacrificial altar of Ru.
  2175 | D:3      | Found an iron altar of Okawaru.
  2176 | D:3      | Found a glowing silver altar of Zin.
  2354 | D:4      | Noticed a black bear
  2362 | D:4      | Killed a black bear
  2363 | D:4      | Reached skill level 5 in Axes
  2363 | D:4      | Reached XP level 5. HP: 23/46 MP: 5/5
  2513 | D:4      | Identified a scroll of acquirement
  2513 | D:4      | Acquired 446 gold pieces
  3310 | D:4      | Found a large runed translucent door.
  3310 | D:4      | Found a large runed translucent door.
  3313 | D:4      | Noticed Splishie's ghost (weakling GnDe)
  3412 | D:4      | Reached XP level 6. HP: 52/52 MP: 6/6
  3432 | D:4      | You pick up a book of Spatial Translocations and begin
                  | reading...
  3432 | D:4      | You add the spells Blink, Momentum Strike and Lesser
                  | Beckoning to your library.
  3716 | D:5      | Entered Level 5 of the Dungeon
  3725 | D:5      | Noticed Dowan
  3726 | D:5      | You pick up a book of Alchemy and begin reading...
  3726 | D:5      | You add the spells Sublimation of Blood, Petrify and
                  | Irradiate to your library.
  4138 | D:5      | Reached skill level 5 in Fighting
  4138 | D:5      | Reached skill level 6 in Axes
  4799 | D:6      | Gained mutation: You curl defensively after being hit. (AC
                  | +7*) [Palentonga growth]
  4799 | D:6      | Reached XP level 7. HP: 48/59 MP: 7/7
  5058 | D:6      | Reached skill level 7 in Axes
  5098 | D:6      | Noticed a steam dragon
  5190 | D:6      | Killed a steam dragon
  5194 | D:6      | Noticed a steam dragon
  5258 | D:6      | Killed a steam dragon
  5259 | D:6      | Reached skill level 6 in Fighting
  5360 | D:6      | Reached XP level 8. HP: 68/68 MP: 8/8
  5852 | D:6      | Found a bloodstained altar of Trog.
  5853 | D:6      | Reached skill level 8 in Axes
  6021 | D:7      | Found a runed translucent gate.
  6021 | D:7      | Found a runed translucent gate.
  6024 | D:7      | Found a runed translucent gate.
  6024 | D:7      | Noticed ravioli's ghost (novice DjFE)
  6432 | D:7      | Reached skill level 9 in Axes
  6509 | D:7      | Reached skill level 7 in Fighting
  6737 | D:7      | Found a staircase to the Ecumenical Temple.
  6881 | Temple   | Entered the Ecumenical Temple
  6886 | Temple   | Became a worshipper of Uskayaw the Reveller
  7147 | D:8      | Reached * piety under Uskayaw
  7153 | D:8      | Reached ** piety under Uskayaw
  7159 | D:8      | Reached *** piety under Uskayaw
  7160 | D:8      | Reached **** piety under Uskayaw
  7162 | D:8      | Reached XP level 9. HP: 65/77 MP: 9/9
  7270 | D:8      | Reached skill level 10 in Axes
  7505 | D:8      | Noticed Pikel
  7566 | D:7      | Killed Pikel
  7810 | D:8      | Reached skill level 8 in Fighting
  8211 | D:8      | Noticed a troll
  8231 | D:8      | Killed a troll
  8232 | D:8      | Reached skill level 11 in Axes
  8280 | D:8      | Found a staircase to the Lair.
  8377 | D:8      | Noticed Maggie
  8386 | D:8      | Killed Maggie
  8699 | D:8      | Noticed Gastronok
  8699 | D:8      | Noticed Maurice
  8711 | D:8      | Killed Maurice
  8716 | D:8      | HP: 14/80 [Gastronok (32)]
  8727 | D:8      | HP: 19/80 [Gastronok (10)]
  8731 | D:8      | Killed Gastronok
  8732 | D:8      | Reached skill level 9 in Fighting
  8732 | D:8      | Reached skill level 12 in Axes
  8732 | D:8      | Reached XP level 10. HP: 19/88 MP: 6/10
  9782 | D:9      | Reached skill level 13 in Axes
  9869 | D:9      | Reached skill level 1 in Invocations
  9872 | D:9      | Reached skill level 3 in Shields
  9872 | D:9      | Found Sexutz's Jewellery Emporium.
  9877 | D:9      | Found Huhoa's Assorted Antiques.
  9883 | D:9      | Bought an amulet of faith for 640 gold pieces
  9905 | D:9      | Bought a scroll labelled TAHOETSIPS for 21 gold pieces
  9905 | D:9      | Bought a scroll of identify for 42 gold pieces
 10006 | D:9      | Noticed a two-headed ogre
 10011 | D:9      | Reached skill level 2 in Invocations
 10014 | D:9      | Killed a two-headed ogre
 10015 | D:9      | Reached ***** piety under Uskayaw
 10016 | D:9      | Reached skill level 3 in Armour
 10016 | D:9      | Reached skill level 3 in Invocations
 10271 | D:9      | Found Jalecuts's Mass Market.
 10279 | D:9      | Bought a +0 executioner's axe for 140 gold pieces
 10423 | D:9      | G - a +0 executioner's axe {axerare=g}
 10438 | D:10     | Entered Level 10 of the Dungeon
 10443 | D:10     | Reached skill level 10 in Fighting
 10447 | D:10     | Reached XP level 11. HP: 73/96 MP: 13/13
 10809 | D:10     | Reached skill level 4 in Invocations
 10822 | D:10     | Reached ****** piety under Uskayaw
 11375 | Lair:1   | Entered Level 1 of the Lair of Beasts
 11568 | Lair:1   | Reached skill level 5 in Invocations
 11916 | Lair:1   | Found a frozen archway.
 11980 | Lair:1   | Reached skill level 14 in Axes
 12209 | Lair:2   | Reached skill level 4 in Armour
 12487 | Lair:2   | Found a staircase to the Swamp.
 12584 | Lair:2   | Reached skill level 6 in Invocations
 13311 | Lair:2   | HP: 24/98 [poisoned by a cane toad]
 13316 | Lair:2   | HP: 21/98 [poisoned by a cane toad]
 13812 | Lair:3   | Reached skill level 7 in Invocations
 14107 | Lair:3   | HP: 23/98 [naga/+0 long sword (8)]
 14437 | Lair:3   | Found a staircase to the Snake Pit.
 14441 | Lair:3   | Noticed a death yak
 14468 | Lair:3   | Killed a death yak
 14469 | Lair:3   | Reached XP level 12. HP: 82/105 MP: 17/17
 14698 | Lair:3   | Noticed a death yak
 14706 | Lair:3   | Noticed a death yak
 14706 | Lair:3   | Noticed a death yak
 14728 | Lair:2   | Killed a death yak
 15085 | Lair:3   | Noticed a death yak
 15111 | Lair:3   | Killed a death yak
 15112 | Lair:3   | Reached skill level 8 in Invocations
 15118 | Lair:3   | Reached skill level 11 in Fighting
 15249 | Lair:3   | Noticed a death yak
 15264 | Lair:3   | Noticed a death yak
 15266 | Lair:3   | Noticed a death yak
 15272 | Lair:3   | Killed a death yak
 15273 | Lair:3   | Reached skill level 5 in Armour
 15280 | Lair:3   | Killed a death yak
 15281 | Lair:3   | Killed a death yak
 15282 | Lair:3   | Reached skill level 15 in Axes
 15910 | Lair:3   | Killed a death yak
 15911 | Lair:3   | Reached skill level 9 in Invocations
 15911 | Lair:3   | Killed a death yak
 16114 | Lair:3   | Acquired a manual of Axes
 16680 | Lair:4   | Found a transporter.
 16978 | Lair:4   | Reached skill level 10 in Invocations
 16978 | Lair:4   | Reached XP level 13. HP: 113/113 MP: 20/20
 17026 | Lair:3   | Reached skill level 16 in Axes
 17303 | Lair:4   | Reached skill level 6 in Armour
 17445 | Lair:4   | Found a transporter.
 17460 | Lair:4   | Found a staircase to the Slime Pits.
 17685 | Lair:5   | Entered Level 5 of the Lair of Beasts
 17685 | Lair:5   | Noticed Rupert
 17698 | Lair:5   | Paralysed by Rupert for 5 turns
 17700 | Lair:5   | HP: 28/114 [Rupert/+0 battleaxe of distortion (6)]
 17702 | Lair:5   | HP: 6/114 [Rupert/+0 battleaxe of distortion (10)]
 17703 | Lair:5   | Killed Rupert
 17703 | Lair:5   | Mangled by a yak

Vanquished Creatures
  Rupert (Lair:5)
  Gastronok (D:8)
  A hydra (Lair:3)
  A two-headed ogre (D:9)
  8 death yaks
  A lindwurm (Lair:4)
  Pikel (D:7)
  11 elephants (Lair:4)
  Maurice (D:8)
  2 black mambas
  5 cane toads
  5 rime drakes
  3 komodo dragons
  Maggie (D:8)
  2 trolls
  3 polar bears
  19 blink frogs
  A wraith (D:8)
  34 yaks
  A wyvern (D:9)
  A basilisk (Lair:2)
  3 steam dragons
  2 nagas (Lair:3)
  12 water moccasins
  A sky beast (D:8)
  2 ice beasts
  4 orc warriors
  4 black bears
  An ogre (D:5)
  6 wolves
  2 centaurs
  2 lemures (D:7)
  A phantom (D:7)
  5 kobold brigands
  7 bullfrogs
  6 wights (D:7)
  6 killer bees
  2 electric eels (D:8)
  5 orc priests
  A gnoll bouda (D:9)
  5 hounds
  3 jellies
  6 orc wizards
  6 iguanas
  4 hell rats (Lair:3)
  6 gnolls
  4 adders
  5 white imps
  2 worms
  31 orcs
  5 endoplasms
  4 giant cockroaches
  7 goblins
  7 hobgoblins
  10 jackals
  30 kobolds
  5 quokkas
  7 ball pythons
  A bat (D:2)
  4 frilled lizards
  7 rats
334 creatures vanquished.

Vanquished Creatures (others)
  34 fungi
  30 plants
64 creatures vanquished.

Grand Total: 398 creatures vanquished

Table legend:
 A = Non-vault XP
 B = Vault XP
 C = Vault XP percentage of total XP
 D = Non-vault monster count
 E = Vault monster count
 F = Vault count percentage of total count
                 A         B        C        D         E       F
            +---------+---------+-------+---------+---------+-------
      Total |   38696 |    8707 |  18.4 |     306 |      26 |   7.8
            +---------+---------+-------+---------+---------+-------
        D:1 |      34 |       0 |   0.0 |      21 |       0 |   0.0
        D:2 |      45 |       0 |   0.0 |      18 |       0 |   0.0
        D:3 |     102 |       0 |   0.0 |      15 |       0 |   0.0
        D:4 |     208 |       0 |   0.0 |      26 |       0 |   0.0
        D:5 |     280 |       0 |   0.0 |       8 |       0 |   0.0
        D:6 |     450 |     498 |  52.5 |      12 |       3 |  20.0
        D:7 |     913 |     728 |  44.4 |      25 |       3 |  10.7
        D:8 |    1417 |    3105 |  68.7 |      29 |      10 |  25.6
        D:9 |    2757 |       0 |   0.0 |      23 |       0 |   0.0
       D:10 |    2892 |       0 |   0.0 |      33 |       0 |   0.0
     Lair:1 |    1504 |    1650 |  52.3 |       7 |       5 |  41.7
     Lair:2 |    4298 |       0 |   0.0 |      14 |       0 |   0.0
     Lair:3 |   11897 |     329 |   2.7 |      35 |       2 |   5.4
     Lair:4 |   10281 |     590 |   5.4 |      32 |       2 |   5.9
     Lair:5 |    1618 |    1807 |  52.8 |       8 |       1 |  11.1
            +---------+---------+-------+---------+---------+-------

Illustrated notes

Table legend:
 A = Kills in this place as a percentage of kills in entire the game.
 B = Kills by you in this place as a percentage of kills by you in the entire game.
 C = Kills by friends in this place as a percentage of kills by friends in the entire game.
 D = Other kills in this place as a percentage of other kills in the entire game.
 E = Experience gained in this place as a percentage of experience gained in the entire game.
 F = Experience gained in this place divided by the number of levels of this place that you have seen.
                   A       B       C       D       E      F
               +-------+-------+-------+-------+-------+----------------------
         Total | 100.0 | 100.0 |   N/A |   N/A | 100.0 | 2788.4
       Dungeon |  68.1 |  68.1 |   N/A |   N/A |  28.3 | 1220.8
          Lair |  31.9 |  31.9 |   N/A |   N/A |  71.7 | 6794.8
               +-------+-------+-------+-------+-------+----------------------

Table legend: (Time is in decaauts)
 A = Elapsed time spent in this place.
 B = Non-inter-level travel time spent in this place.
 C = Inter-level travel time spent in this place.
 D = Time resting spent in this place.
 E = Time spent auto-exploring this place.
 F = Levels seen in this place.
 G = Mean time per level.
                   A        B        C        D        E       F      G
               +--------+--------+--------+--------+--------+-----+--------+
         Total |  17711 |  16954 |    757 |   5063 |   9446 |  17 | 1041.8 |
       Dungeon |  11418 |  10795 |    623 |   2667 |   6519 |  11 | 1038.0 |
        Temple |     10 |      5 |      5 |      0 |      0 |   1 |   10.0 |
          Lair |   6281 |   6153 |    128 |   2396 |   2927 |   5 | 1256.2 |
               +--------+--------+--------+--------+--------+-----+--------+

Top non-repeatable levels by time:
  Lair:3: 2553 daAuts
     D:8: 2264 daAuts
  Lair:2: 1796 daAuts
     D:4: 1594 daAuts
     D:7: 1518 daAuts
     D:6: 1098 daAuts
  Lair:4: 1097 daAuts
     D:5: 993 daAuts
     D:1: 928 daAuts
  Lair:1: 819 daAuts
    D:10: 814 daAuts
     D:9: 808 daAuts
     D:3: 784 daAuts
     D:2: 604 daAuts
  Lair:5: 15 daAuts
